 Dungeon Crawl Stone Soup version 0.26-a0-651-gb41185065b (webtiles) character file.

Game seed: 5295368484987821980

47 nicanaca0 the Chucker (level 3, 0/35 HPs)
             Began as a Troll Hunter on Oct 1, 2020.
             Slain by an ice beast (5 damage)
             ... on level 2 of the Dungeon.
             The game lasted 00:03:29 (1003 turns).

nicanaca0 the Chucker (Troll Hunter)                Turns: 1003, Time: 00:03:30

Health: 0/35       AC:  7    Str: 20    XL:     3   Next: 48%
Magic:  2/2        EV:  5    Int:  8    God:
Gold:   96         SH: 11    Dex: 10    Spells: 2/2 levels left

rFire    . . .     SeeInvis .   (no weapon)
rCold    . . .     Faith    .   i - +0 tower shield
rNeg     . . .     Spirit   .   b - +0 robe
rPois    .         Reflect  .   (helmet restricted)
rElec    .         Harm     .   n - +0 cloak
rCorr    .         Rampage  .   (gloves unavailable)
MR       .....                  (boots unavailable)
Stlth    +.........             (no amulet)
HPRegen  0.51/turn              (no ring)
MPRegen  0.08/turn              (no ring)

@: no status effects
A: large, unfitting armour, claws 3, regeneration 1, shaggy fur 1, tough skin 3
a: no special abilities


You were on level 2 of the Dungeon.
You visited 1 branch of the dungeon, and saw 2 of its levels.

You collected 96 gold pieces.

Inventory:

Hand Weapons
 a - a +0 short sword
 f - a +1 dagger of flaming
 p - a +1 dagger of speed
 t - a +0 spear
Missiles
 c - 4 large rocks (quivered)
 d - 2 throwing nets
Armour
 b - a +0 robe (worn)
 h - a scarf of invisibility
 i - a +0 tower shield (worn)
 n - a +0 cloak (worn)
Scrolls
 e - 3 scrolls of identify {unknown}
 g - 3 scrolls of remove curse {unknown}
 l - a scroll of teleportation {unknown}
 m - a scroll of enchant armour {unknown}
 o - a scroll of enchant weapon {unknown}
 q - a scroll of immolation {unknown}
 s - a scroll of amnesia {unknown}
Potions
 j - 2 potions of curing {unknown}
 k - a potion of might {unknown}
 r - a potion of mutation {unknown}


   Skills:
 + Level 2.0 Fighting
 + Level 4.1 Throwing
 + Level 2.0 Dodging
 + Level 0.9 Stealth
 * Level 0.0 Unarmed Combat


You had 2 spell levels left.
You didn't know any spells.
Your spell library was empty.

Dungeon Overview and Level Annotations

Branches:
Dungeon (2/15)

Altars:


Innate Abilities, Weirdness & Mutations

You are too large for most types of armour.
You have claws for hands.
Your natural rate of healing is unusually fast.
You are covered in fur. (AC +1)
You have extremely tough skin. (AC +3)


Message History

The ice beast barely misses you.
You scratch the ice beast.
The ice beast is moderately wounded.
You block the ice beast's attack. x2
You scratch the ice beast.
The ice beast is heavily wounded.
You block the ice beast's attack.
You closely miss the ice beast.
The ice beast is heavily wounded.
You block the ice beast's attack.
Throwing (i - inventory. (/) - cycle)
c - 5 large rocks (quivered)
Press: ? - help, Shift-Dir - straight line, f - ice beast
Aim: an ice beast (heavily wounded)
You throw a large rock.
The large rock hits the ice beast but does no damage.
The ice beast is heavily wounded.
The ice beast hits you.
* * * LOW HITPOINT WARNING * * *
The ice beast freezes you.
You die...

#. #.>....#. #.#
##.....#.
#.#########.....#.
####.#.......#.....#.
#.....[#####.#....†#.
#......#...#.##...###
#........# #.##...#
####.....# #.##...###
#@....# #.###.....
#Y#+#.# #.# #.####
#.# .# #.# #.# #.# ##
#.###.# ..# #.....#
### #######


You could see an ice beast.

Vanquished Creatures
  2 worms (D:2)
  2 dart slugs (D:1)
  A leopard gecko (D:1)
  A giant cockroach (D:1)
  6 goblins
  4 hobgoblins (D:1)
  8 kobolds
  5 bats (D:1)
  4 frilled lizards (D:1)
  5 rats (D:1)
38 creatures vanquished.

Notes
Turn   | Place    | Note
-------+----------+-------------------------------------------
     0 | D:1      | nicanaca0 the Troll Hunter began the quest for the Orb.
     0 | D:1      | Reached XP level 1. HP: 19/19 MP: 0/0
    82 | D:1      | Reached XP level 2. HP: 28/28 MP: 1/1
   370 | D:1      | Reached skill level 4 in Throwing
   389 | D:1      | Reached XP level 3. HP: 30/35 MP: 2/2
   989 | D:2      | Noticed an ice beast
  1003 | D:2      | Slain by an ice beast

Illustrated notes

Levels and vault maps discovered:
D:1:      minmay_arrival_glassed_features, layout_basic, hex_medium,
          minmay_tetromino_l4
D:2:      layout_basic, lemuel_crystal_altar

Skill      XL: |  1  2  3 |
---------------+----------+-----
Throwing       | 4 |  4.1
Fighting       | 2 |  2.0
Dodging        | 2 |  2.0
Stealth        | |  0.9

Action                   || total
-------------------------++-------
Melee: Dagger            ||   115
       Short sword       ||     6
       Spear             ||    20
       Unarmed           ||     9
Throw: Large rock        ||     1
 Stab: Sleeping          ||     1
Armor: Robe              ||    75
Dodge: Dodged            ||    40
Block: Tower shield      ||    58

Table legend: (Time is in decaauts)
 A = Elapsed time spent in this place.
 B = Non-inter-level travel time spent in this place.
 C = Inter-level travel time spent in this place.
 D = Time resting spent in this place.
 E = Time spent auto-exploring this place.
 F = Levels seen in this place.
 G = Mean time per level.
                   A        B        C        D        E       F      G
               +--------+--------+--------+--------+--------+-----+--------+
         Total |   1023 |    981 |     42 |      0 |    567 |   2 |  511.5 |
       Dungeon |   1023 |    981 |     42 |      0 |    567 |   2 |  511.5 |
               +--------+--------+--------+--------+--------+-----+--------+

Top non-repeatable levels by time:
     D:1: 771 daAuts
     D:2: 252 daAuts
